 Dungeon Crawl Stone Soup version 0.16.1-11-g651b585 (webtiles) character file.

30 abixa the Insei (level 3, 0/18 HPs)
             Began as a Vine Stalker Warper on Apr 2, 2015.
             Succumbed to an adder's poison
             ... on level 2 of the Dungeon.
             The game lasted 00:02:32 (788 turns).

abixa the Insei (Vine Stalker Warper)                Turns: 788, Time: 00:02:33

Health: 0/18       AC:  3    Str: 13    XL:     3   Next: 18%
Magic:  1/7        EV: 11    Int: 14    God:
Gold:   79         SH:  0    Dex: 13    Spells: 2 memorised, 3 levels left

rFire  . . .     SeeInvis .       - Unarmed
rCold  . . .     Clarity  .     b - +0 leather armour
rNeg   . . .     SustAb   .     (no shield)
rPois  .         Gourm    .     (no helmet)
rElec  .         Spirit   +     (no cloak)
rCorr  .         Warding  .     (no gloves)
rMut   .         Stasis   .     (no boots)
MR     .....                    (no amulet)
Stlth  +.........               (no ring)
                                (no ring)

@: lethally poisoned (0 -> -2), not resistant to hostile enchantments, very
unstealthy
A: fangs 2, regeneration 1, magic shield, antimagic bite, no device heal 3, rot
immunity
a: no special abilities


You were on level 2 of the Dungeon.
You were not hungry.

You visited 1 branch of the dungeon, and saw 2 of its levels.

You collected 79 gold pieces.

Inventory:

Hand weapons
 o - a +0 spear
Missiles
 e - 5 tomahawks of dispersal (quivered)
 g - 47 stones
 q - 15 bolts
 s - 14 sling bullets
Armour
 b - a +0 leather armour (worn)
 i - a +0 ring mail
Scrolls
 d - 2 scrolls of blinking
 k - 2 scrolls of magic mapping {unknown}
 l - 2 scrolls of identify {unknown}
 n - a scroll of noise {unknown}
 p - a scroll of remove curse {unknown}
 r - a scroll of random uselessness {unknown}
 v - a scroll of enchant armour {unknown}
Potions
 f - a potion of curing {unknown}
 h - a potion of resistance {unknown}
 j - a potion of cure mutation {unknown}
 m - a potion of degeneration {unknown}
 u - 2 potions of haste {unknown}
Books
 c - a book of Spatial Translocations

   Spells                             Type                      Level
   a - Apportation                    Translocation                1
   b - Blink                          Translocation                2
   c - Shroud of Golubria             Charms/Translocation         2
   d - Portal Projectile              Translocation                3
   e - Teleport Other                 Translocation                3
   f - Passage of Golubria            Translocation                4
Comestibles
 a - 2 bread rations
 t - a meat ration


   Skills:
 - Level 1.7 Fighting
 - Level 0.8 Throwing
 - Level 0.7 Armour
 - Level 1.5 Dodging
 + Level 3.5 Unarmed Combat
 - Level 2.1 Spellcasting
 - Level 3.0 Translocations


You had 3 spell levels left.
You knew the following spells:

 Your Spells              Type           Power        Failure   Level  Hunger
a - Apportation           Tloc           #.........   10%         1    #......
b - Blink                 Tloc           N/A          14%         2    ###....


Dungeon Overview and Level Annotations

Branches:
Dungeon (2/15)

Altars:
Ashenzari
Dithmenos


Innate Abilities, Weirdness & Mutations

You have extremely sharp teeth.
Your natural rate of healing is unusually fast.
When hurt, damage is shared between your health and your magic reserves.
Your bite disrupts and absorbs the magic of your enemies.
Potions and wands cannot restore your health.
You are immune to rotting.


Message History

The jackal misses you.
Casting: Blink
Confirm with . or Enter, or press ? or * to list all spells.
You blink.
* * * LOW HITPOINT WARNING * * *
You feel sick.
The hobgoblin hits you but does no damage.
* * * LOW HITPOINT WARNING * * *
You feel sick. The hobgoblin hits you with a club.
* * * LOW HITPOINT WARNING * * *
* * * LOW HITPOINT WARNING * * *
You feel sick.
Found 11 poisoned arrows.
* * * LOW HITPOINT WARNING * * *
You feel sick.
* * * LOW HITPOINT WARNING * * *
You feel sick.
The jackal bites you but does no damage. x2
You see here 11 poisoned arrows.
You die...

.<# .#####. ... ........###...# .
........ $#w.. #.# ........
.#.#.##### #.# ............. ....
#.# ............. #..# . ###.##
.######.#.#.####..# ... +..... .#
#.#.#......@# ....###.## .#
#.#.#.#####(# #+#.......... .#
#.#.#.# #g#####.##......... .#
#.#.#.# #hS......#######.#.
.######.#.#.### #................#.
.'............# #..##+##.......###.
.###....##..#.###..#...#.......†.#.
.# #....##..#.#....#...........#.#.
.# #....###.#.#.####...####....#.#.


You could see an adder, a jackal and a hobgoblin.

Vanquished Creatures
  An adder (D:1)
  3 bats (D:1)
  A giant cockroach (D:2)
  6 goblins
  A hobgoblin (D:1)
  A jackal (D:2)
  4 kobolds
  6 rats
23 creatures vanquished.

Notes
Turn   | Place    | Note
--------------------------------------------------------------
     0 | D:1      | abixa, the Vine Stalker Warper, began the quest for the Orb.
     0 | D:1      | Reached XP level 1. HP: 11/11 MP: 3/3
    79 | D:1      | Reached XP level 2. HP: 15/15 MP: 5/5
    90 | D:1      | Learned a level 2 spell: Blink
   286 | D:1      | You fall through a shaft!
   291 | D:2      | Found a shattered altar of Ashenzari.
   364 | D:2      | Found a shadowy altar of Dithmenos.
   527 | D:1      | Reached XP level 3. HP: 16/18 MP: 7/7
   788 | D:2      | Succumbed to an adder's poison

Action                   || total
-------------------------++-------
Melee: Unarmed           ||    85
 Cast: Blink             ||     4
